 Dungeon Crawl Stone Soup version 0.30-a0-439-g9e77e4d916 (webtiles) character file.

Game seed: 17658809177802923986

830 themarg the Conjurer (level 7, 0/50 HPs)
             Began as a Green Draconian Conjurer on Dec 11, 2022.
             Was an Initiate of Ashenzari.
             Slain by a lemure (3 damage)
             ... led by Pikel
             ... on level 5 of the Dungeon.
             The game lasted 00:09:58 (5484 turns).

themarg the Conjurer (Green Draconian Conjurer)     Turns: 5484, Time: 00:09:59

Health: 0/50       AC:  7    Str:  9    XL:     7   Next: 65%
Magic:  5/14       EV: 12    Int: 21    God:    Ashenzari [......]
Gold:   251        SH:  0    Dex:  9    Spells: 13/16 levels left

rFire   . . .      SeeInvis +    B - +0 dagger (venom)
rCold   . . .      Faith    .    (no shield)
rNeg    . . .      Spirit   .    (body armour unavailable)
rPois   +          Reflect  .    j - +1 hat
rElec   .          Harm     .    (no cloak)
rCorr   .          Rampage  .    (no gloves)
Will    +....                    (no boots)
Stlth   ++........               (no amulet)
HPRegen 0.28/turn                l - ring of see invisible
MPRegen 0.14/turn                y - ring of willpower

@: short of breath
A: breathe noxious fumes, AC +6, unfitting armour, poison resistance,
cold-blooded
a: Breathe Noxious Fumes, Renounce Religion


You were on level 5 of the Dungeon.
You worshipped Ashenzari.
Ashenzari was noncommittal.
You visited 2 branches of the dungeon, and saw 6 of its levels.

You collected 251 gold pieces.

Inventory:

Hand Weapons
 h - a +0 short sword
 B - a +0 dagger of venom (weapon)
Missiles
 b - 50 stones
 r - 12 poisoned darts
 u - a throwing net
 z - 3 silver boomerangs
Armour
 j - a +1 hat (worn)
Magical Staves
 k - a staff of fire
Jewellery
 l - a ring of see invisible (left hand)
 y - a ring of willpower (right hand)
Wands
 w - a wand of light (4)
Scrolls
 c - 2 scrolls of immolation {unknown}
 f - a scroll of enchant weapon {unknown}
 i - 2 scrolls of poison
 m - a scroll of blinking {unknown}
 o - 2 scrolls of amnesia
 q - 3 scrolls of vulnerability {unknown}
 s - a scroll of brand weapon {unknown}
 x - a scroll of acquirement {unknown}
 A - 2 scrolls of identify
 C - a scroll of fog {unknown}
Potions
 a - a potion of ambrosia
 d - 2 potions of magic
 e - a potion of berserk rage
 g - 2 potions of haste
 n - 3 potions of flight
 p - 2 potions of curing
 t - a potion of resistance {unknown}
 v - a potion of heal wounds {unknown}


   Skills:
 - Level 1.7 Dodging
 - Level 3.0 Stealth
 - Level 5.0 Spellcasting
 + Level 7.7 Conjurations


You had 13 spell levels left.
You knew the following spells:

 Your Spells              Type           Power      Damage    Failure   Level
a - Magic Dart            Conj           100%       1d8       1%          1
b - Searing Ray           Conj           74%        2d7       1%          2

Your spell library contained the following spells:

 Spells                   Type           Power      Damage    Failure   Level
 Dazzling Flash           Conj/Hex       42%        N/A       7%          3
 Fulminant Prism          Conj/Hex       10%        3d8       22%         4
 Iskenderun's Mystic Bla  Conj/Tloc      21%        2d6       22%         4


Dungeon Overview and Level Annotations

Branches:
Dungeon (5/15)             Temple (1/1) D:5

Altars:
Ashenzari
Cheibriados
Dithmenos
Elyvilon
Fedhas
Gozag
Hepliaklqana
Kikubaaqudgha
Makhleb
Nemelex Xobeh
Okawaru
Qazlal
Ru
Sif Muna
Trog
Uskayaw
Vehumet
Xom
Yredelemnul
Zin
The Shining One

Shops:
D:4 *

Annotations:
D:5 Pikel


Innate Abilities, Weirdness & Mutations

You can breathe blasts of noxious fumes.
Your lurid green scales are hard. (AC +6)
You cannot fit into any form of body armour.
Your system is resistant to poisons. (rPois)
You are cold-blooded and may be slowed by cold attacks.


Message History

The searing ray hits Pikel.
Pikel is moderately wounded.
You kill the lemure!
That felt strangely unrewarding.
Pikel hits you with a +1 whip of flaming!
Pikel burns you.
The searing ray hits Pikel!
Pikel is heavily wounded.
You finish channelling your searing ray.
Pikel hits you with a +1 whip of flaming.
Pikel burns you. The lemure hits you.
Casting: Searing Ray (safe; 1% risk of failure)
Confirm with . or Enter, or press ? or * to list all spells.
Aiming: Searing Ray (safe; 1% risk of failure)
Press: ? - help, Shift-Dir - straight line, f/p - Pikel
Aim: Pikel, wielding a +1 whip of flaming and wearing a +0 robe (heavily wounded, 76% to hit)
The searing ray hits Pikel.
Pikel is heavily wounded. (Press . to maintain the ray.) Pikel drinks a potion.
Pikel goes berserk!
The lemure barely misses you.
The searing ray hits Pikel but does no damage.
Pikel is heavily wounded.
Pikel hits you with a +1 whip of flaming.
* * * LOW HITPOINT WARNING * * *
Pikel burns you.
* * * LOW HITPOINT WARNING * * *
The lemure hits you.
* * * LOW HITPOINT WARNING * * *
Pikel hits you with a +1 whip of flaming.
* * * LOW HITPOINT WARNING * * *
Pikel burns you.
* * * LOW HITPOINT WARNING * * *
The searing ray hits Pikel!
Pikel is severely wounded.
Pikel barely misses you. The lemure misses you.
The searing ray hits Pikel.
Pikel is severely wounded.
You finish channelling your searing ray.
Pikel barely misses you. The lemure hits you.
You die...

...8....>....8.##...##...#...#
....##...##...##.####...#.#..
#... ##.##..................#
#.## #.#..##..>.####<..##### #
.....##....## ##.## #
#.8.##..#...## #.# #
#...#..##....# #.#
.....5K#.†.#..# #.#
##55@.[###.# #.. #.##...# .#
### # ##.....# #. ..#.#.# #.
.##.# # #. #. .# #. #. # #. ##
.. #. #. ######.##.


You could see Pikel (berserk) and 3 lemures.

Vanquished Creatures
  Sigmund (D:5)
  An ogre (D:5)
  A phantom (D:4)
  A lemure (D:5)
  A necrophage (D:4)
  2 scorpions (D:5)
  3 hounds (D:5)
  2 iguanas
  An orc wizard (D:3)
  9 adders
  2 ufetubi
  2 worms (D:4)
  A dart slug (D:4)
  11 orcs
  3 ball pythons
  5 endoplasms
  6 giant cockroaches
  7 hobgoblins
  2 jackals (D:1)
  3 quokkas
  3 bats
  4 frilled lizards
  6 goblins
  7 kobolds
  3 rats
87 creatures vanquished.

Vanquished Creatures (others)
  4 fungi (D:3)
  4 plants
8 creatures vanquished.

Grand Total: 95 creatures vanquished

Notes
Turn   | Place    | Note
-------+----------+-------------------------------------------
     0 | D:1      | themarg the Draconian Conjurer began the quest for the Orb.
     0 | D:1      | Reached XP level 1. HP: 14/14 MP: 3/3
   278 | D:1      | Reached XP level 2. HP: 5/20 MP: 1/5
   343 | D:1      | Learned a level 2 spell: Searing Ray
  1306 | D:2      | Identified the +0 helmet of Puluraklau {+Inv rElec rC-}
  1629 | D:2      | Reached XP level 3. HP: 26/26 MP: 3/6
  2600 | D:3      | Reached XP level 4. HP: 31/33 MP: 2/8
  2807 | D:3      | Found a faded altar of an unknown god.
  3186 | D:4      | Noticed a necrophage
  3233 | D:4      | Killed a necrophage
  3234 | D:4      | Reached skill level 5 in Conjurations
  3234 | D:4      | Reached XP level 5. HP: 38/38 MP: 1/9
  3803 | D:4      | Found Metha's General Store.
  3803 | D:4      | Noticed a phantom
  3816 | D:4      | Killed a phantom
  3817 | D:4      | Reached XP level 6. HP: 40/45 MP: 1/12
  4368 | D:5      | Entered Level 5 of the Dungeon
  4624 | D:5      | Reached skill level 6 in Conjurations
  4734 | D:5      | Your scales start taking on a lurid green colour.
  4734 | D:5      | Reached XP level 7. HP: 50/50 MP: 8/14
  4734 | D:5      | Gained mutation: Your system is resistant to poisons.
                  | (rPois) [Green Draconian growth]
  4846 | D:5      | Found a staircase to the Ecumenical Temple.
  4853 | D:5      | Reached skill level 5 in Spellcasting
  4924 | Temple   | Entered the Ecumenical Temple
  4933 | Temple   | Became a worshipper of Ashenzari the Shackled
  5346 | D:5      | Noticed Sigmund
  5360 | D:5      | Reached skill level 7 in Conjurations
  5363 | D:5      | Killed Sigmund
  5468 | D:5      | Noticed Pikel
  5482 | D:5      | HP: 2/50 [Pikel/+1 whip of flaming (1)]
  5484 | D:5      | Slain by a lemure

Illustrated notes

Levels and vault maps discovered:
D:1:      evilmike_arrival_crescent, layout_basic, chequers_mini_garden,
          grunt_decor_junction
D:2:      layout_basic
D:3:      layout_basic, dreamdust_ecumenical_altar_grove
D:4:      layout_cave_pools, serial_shops, shop, minmay_lizard_king
D:5:      layout_loops_ring, minmay_temple_entry_waves,
          kennysheep_generic_room_2, uniq_sigmund, uniq_pikel
Temple:   compressed_dpeg_triangle_lava_temple

Skill      XL: |  1  2  3  4  5  6  7 |
---------------+----------------------+-----
Stealth        | 2 3 |  3.0
Spellcasting   | 3 4 5 |  5.0
Conjurations   | 5 6 7 |  7.7
Dodging        | |  1.7

Action                   |  1- 3 |  4- 6 |  7- 9 || total
-------------------------+-------+-------+-------++-------
Melee: Unarmed           |    42 |       |       ||    42
       Punch             |     2 |     1 |       ||     3
       Tailslap          |     2 |     3 |     1 ||     6
       Short sword       |     6 |    19 |       ||    25
       Dagger            |       |       |     6 ||     6
 Cast: Magic Dart        |    52 |    46 |       ||    98
       Searing Ray       |     8 |    25 |     8 ||    41
 Abil: Breathe Noxious F |       |       |     2 ||     2
  Use: Potion            |     1 |       |       ||     1
       Scroll            |       |     7 |       ||     7
 Stab: Confused          |       |       |     1 ||     1
Armor: Skin              |    16 |    11 |     1 ||    28
Dodge: Dodged            |    32 |    19 |    14 ||    65

Table legend: (Time is in decaauts)
 A = Elapsed time spent in this place.
 B = Non-inter-level travel time spent in this place.
 C = Inter-level travel time spent in this place.
 D = Time resting spent in this place.
 E = Time spent auto-exploring this place.
 F = Levels seen in this place.
 G = Mean time per level.
                   A        B        C        D        E       F      G
               +--------+--------+--------+--------+--------+-----+--------+
         Total |   5486 |   5412 |     74 |    328 |   4380 |   6 |  914.3 |
       Dungeon |   5161 |   5107 |     54 |    328 |   4098 |   5 | 1032.2 |
        Temple |    324 |    304 |     20 |      0 |    282 |   1 |  324.0 |
               +--------+--------+--------+--------+--------+-----+--------+

Top non-repeatable levels by time:
     D:4: 1297 daAuts
     D:3: 1110 daAuts
     D:1: 1087 daAuts
     D:2: 923 daAuts
     D:5: 743 daAuts
  Temple: 324 daAuts
